 Dungeon Crawl Stone Soup version 0.29.1-15-g9cfb28693d (webtiles) character file.

Game seed: 4508654967074610221

303423 BeingJoeMalik the Hoplite (level 21, -2/143 HPs)
             Began as a Tengu Gladiator on Feb 17, 2023.
             Was a High Priest of Qazlal.
             Killed from afar by an ironbound frostheart (11 damage)
             ... by creeping frost
             ... on level 3 of the Vaults on Feb 26, 2023.
             The game lasted 03:10:42 (46492 turns).

BeingJoeMalik the Hoplite (Tengu Gladiator)        Turns: 46492, Time: 03:10:42

Health: -2/143     AC:  8    Str: 19    XL:     21   Next: 8%
Magic:  29/31      EV: 29    Int: 12    God:    Qazlal [*****.]
Gold:   62         SH: 31    Dex: 19    Spells: 20/20 levels left

rFire   + + +      SeeInvis +   S - +4 eveningstar of the Reaper {holy, rPois Will+ Dex-3}
rCold   + + .      Faith    .   D - +0 tower shield
rNeg    + + +      Spirit   .   c - +0 robe of Valour {rF+ rC+ rN++ Stlth-}
rPois   +          Reflect  .   l - +1 hat
rElec   .          Harm     .   L - +0 cloak {Will+}
rCorr   +          Rampage  .   o - +2 pair of gloves {infuse}
Will    ++++.                   (boots unavailable)
Stlth   +.........              M - amulet of Duymaus {RegenMP Will+ Regen+ Dex+3}
HPRegen 1.13/turn               T - ring "Ettaitur" {rF++ rN+ SInv}
MPRegen 0.62/turn               d - ring of resist corrosion

@: protected from cold, flying quickly and evasively, studying 2 skills, repel
missiles, quick
A: beak, talons 3, nimble flight
}: 2/15 runes: serpentine, barnacled
a: Renounce Religion, Upheaval, Elemental Force, Disaster Area


You were on level 3 of the Vaults.
You worshipped Qazlal.
Qazlal was extremely pleased with you.
You visited 8 branches of the dungeon, and saw 37 of its levels.
You visited 1 bazaar.
You also visited: Ossuary, Gauntlet and Ice Cave.

You collected 6037 gold pieces.
You spent 5975 gold pieces at shops.

Inventory:

Hand Weapons
 x - the +6 whip "Yxithryso" {protect, rElec rC+ SInv}
   (You found it in an ice cave)

   It grants its wielder temporary protection when it strikes (+7 to AC).
   rC:        It protects you from cold.
   rElec:     It insulates you from electricity.
   SInv:      It lets you see invisible.
 A - a +4 morningstar of freezing
 S - the +4 eveningstar of the Reaper (weapon) {holy, rPois Will+ Dex-3}
   (You bought it in a shop on level 2 of the Elven Halls)

   It has been blessed by the Shining One to cause great damage to the undead
   and demons.
   Dex:       It affects your dexterity (-3).
   rPois:     It protects you from poison.
   Will:      It increases your willpower.
Missiles
 g - 59 poisoned darts (quivered)
 n - 11 javelins
 B - 3 silver javelins
 Z - 9 throwing nets
Armour
 c - the +0 robe of Valour (worn) {rF+ rC+ rN++ Stlth-}
   (You bought it in a shop in a bazaar)

   rF:        It protects you from fire.
   rC:        It protects you from cold.
   rN:        It greatly protects you from negative energy.
   Stlth:     It makes you less stealthy.
 f - a scarf of resistance
 j - the +1 scale mail of the Orb {rElec rN+ rCorr Dex-4}
   (You took it off a deep elf blademaster on level 2 of the Elven Halls)

   Dex:       It affects your dexterity (-4).
   rElec:     It insulates you from electricity.
   rN:        It protects you from negative energy.
   rCorr:     It protects you from acid and corrosion.
 l - a +1 hat (worn)
 o - a +2 pair of gloves of infusion (worn)
 D - a +0 tower shield (worn)
 L - a +0 cloak of willpower (worn)
 N - a +0 troll leather armour
Jewellery
 b - the ring of Liqegaata {rC+ Will+ Int+7 Stlth-}
   (You found it in an ice cave)

   [ring of protection from cold]

   Int:       It affects your intelligence (+7).
   rC:        It protects you from cold.
   Will:      It increases your willpower.
   Stlth:     It makes you less stealthy.
 d - a ring of resist corrosion (right hand)
 k - the ring of Dishonour {rN+ MP+9 Slay+2}
   (You took it off a deep elf annihilator on level 2 of the Elven Halls)

   [ring of magical power]

   Slay:      It affects your accuracy & damage with ranged weapons and melee
   (+2).
   rN:        It protects you from negative energy.
   MP:        It affects your magic capacity (+9).
 t - the ring of Asareim {rPois Str+4}
   (You found it on level 3 of the Dungeon)

   [ring of poison resistance]

   Str:       It affects your strength (+4).
   rPois:     It protects you from poison.
 M - the amulet of Duymaus (around neck) {RegenMP Will+ Regen+ Dex+3}
   (You bought it in a shop on level 2 of the Dungeon)

   [amulet of magic regeneration]

   It increases your rate of magic regeneration.
   Dex:       It affects your dexterity (+3).
   Regen:     It increases your rate of health regeneration.
   Will:      It increases your willpower.
 Q - a +4 ring of slaying
 T - the ring "Ettaitur" (left hand) {rF++ rN+ SInv}
   (You bought it in a shop on level 1 of the Elven Halls)

   [ring of see invisible]

   rF:        It greatly protects you from fire.
   rN:        It protects you from negative energy.
   SInv:      It lets you see invisible.
Wands
 a - a wand of light (33)
 w - a wand of charming (15)
 G - a wand of mindburst (39)
 K - a wand of roots (22)
Scrolls
 m - 7 scrolls of fear
 p - 5 scrolls of blinking
 u - 5 scrolls of magic mapping
 y - 12 scrolls of teleportation
 E - 8 scrolls of enchant armour
 F - 5 scrolls of poison
 I - 2 scrolls of butterflies
 O - a scroll of brand weapon
 W - 3 scrolls of summoning
 X - 13 scrolls of enchant weapon
Potions
 e - 2 potions of berserk rage
 h - 10 potions of curing
 i - 10 potions of haste
 q - 9 potions of might
 s - 5 potions of mutation
 v - 9 potions of cancellation
 z - 6 potions of brilliance
 C - 4 potions of resistance
 H - 4 potions of heal wounds
 U - 2 potions of magic


   Skills:
 + Level 18.8 Fighting
 - Level 16.0 Maces & Flails
 + Level 2.0 Throwing
 * Level 10.6 Armour
 + Level 18.2 Dodging
 + Level 22.2 Shields
 * Level 12.3 Invocations


You had 20 spell levels left.
You didn't know any spells.
Your spell library contained the following spells:

 Spells                   Type           Power      Damage    Failure   Level
 Magic Dart               Conj           0%         1d3       50%         1
 Sandblast                Erth           0%         2d4       50%         1
 Blink                    Tloc           0%         N/A       63%         2
 Call Imp                 Summ           0%         N/A       63%         2
 Ensorcelled Hibernation  Hex/Ice        0%         N/A       63%         2
 Passwall                 Tmut/Erth      0%         N/A       63%         2
 Poisonous Vapours        Pois/Air       0%         N/A       63%         2
 Searing Ray              Conj           0%         2d4       63%         2
 Sublimation of Blood     Necr           0%         N/A       63%         2
 Dazzling Flash           Conj/Hex       0%         N/A       86%         3
 Frozen Ramparts          Ice            0%         1d1       86%         3
 Gell's Gravitas          Tloc           0%         N/A       86%         3
 Inner Flame              Hex/Fire       0%         N/A       86%         3
 Lesser Beckoning         Tloc           0%         N/A       86%         3
 Mephitic Cloud           Conj/Pois/Air  0%         N/A       86%         3
 Ozocubu's Armour         Ice            0%         N/A       86%         3
 Spider Form              Tmut/Pois      0%         N/A       86%         3
 Swiftness                Air            0%         N/A       86%         3
 Teleport Other           Tloc           0%         N/A       86%         3
 Tukima's Dance           Hex            0%         N/A       86%         3
 Airstrike                Air            0%         2d(0-16)  99%         4
 Anguish                  Hex/Necr       0%         N/A       99%         4
 Corpse Rot               Necr/Pois/Air  0%         N/A       99%         4
 Dispel Undead            Necr           0%         3d6       99%         4
 Flame Wave               Conj/Fire      0%         2d4       99%         4
 Fulminant Prism          Conj/Hex       0%         3d6       99%         4
 Hailstorm                Conj/Ice       0%         3d3       99%         4
 Ice Form                 Ice/Tmut       0%         N/A       99%         4
 Iskenderun's Mystic Bla  Conj/Tloc      0%         2d3       99%         4
 Leda's Liquefaction      Hex/Erth       0%         N/A       99%         4
 Passage of Golubria      Tloc           0%         N/A       99%         4
 Petrify                  Tmut/Erth      0%         N/A       99%         4
 Summon Ice Beast         Ice/Summ       0%         N/A       99%         4
 Summon Lightning Spire   Summ/Air       0%         N/A       99%         4
 Irradiate                Conj/Tmut      0%         3d11      100%        5
 Iskenderun's Battlesphe  Conj           0%         2d6       100%        5
 Lee's Rapid Deconstruct  Erth           0%         3d5*      100%        5
 Lightning Bolt           Conj/Air       0%         1d11      100%        5
 Manifold Assault         Tloc           0%         N/A       100%        5
 Metabolic Englaciation   Hex/Ice        0%         N/A       100%        5
 Silence                  Hex/Air        0%         N/A       100%        5
 Summon Forest            Summ/Tloc      0%         N/A       100%        5
 Yara's Violent Unravell  Hex/Tmut       0%         3d3       100%        5
 Death Channel            Necr           0%         N/A       100%        6
 Dispersal                Tloc           0%         N/A       100%        6
 Eringya's Noxious Bog    Tmut/Pois      0%         N/A       100%        6
 Iron Shot                Conj/Erth      0%         9d1       100%        6
 Simulacrum               Ice/Necr       0%         N/A       100%        6
 Starburst                Conj/Fire      0%         6d3       100%        6
 Statue Form              Tmut/Erth      0%         N/A       100%        6
 Dragon Form              Tmut           0%         N/A       100%        7
 Ozocubu's Refrigeration  Ice            0%         4d7       100%        7
 Spellforged Servitor     Conj/Summ      0%         N/A       100%        7
 Summon Hydra             Summ           0%         N/A       100%        7
 Disjunction              Tloc           0%         N/A       100%        8
 Lehudib's Crystal Spear  Conj/Erth      0%         10d2      100%        8
 Chain Lightning          Conj/Air       0%         N/A       100%        9
 Fire Storm               Conj/Fire      0%         5d1       100%        9
 Shatter                  Erth           0%         3d5*      100%        9


Dungeon Overview and Level Annotations

Branches:
Dungeon (15/15)            Temple (1/1) D:5            Lair (5/5) D:9
 Shoals (4/4) Lair:2        Snake (4/4) Lair:3        Slime (0/5) Lair:4
    Orc (2/2) D:9             Elf (3/3) Orc:2        Vaults (2/5) D:14
  Crypt (0/3) Vaults:2     Depths (0/4) D:15        Ossuary (visited)
  IceCv (visited)         Gauntlet (visited)

Altars:
Ashenzari
Cheibriados
Dithmenos
Elyvilon
Fedhas
Gozag
Hepliaklqana
Kikubaaqudgha
Makhleb
Nemelex Xobeh
Okawaru
Qazlal
Ru
Sif Muna
Trog
Uskayaw
Vehumet
Wu Jian
Xom
Yredelemnul
Zin
The Shining One
Jiyva

Shops:
D:2 =   D:3 [:*?   D:4 =:*:   D:8 [   Orc:2 *=([   Elf:1 !!*=   Elf:2 !*[
Shoals:2 ([:[[

Portals:
Trove: Vaults:1 (give +3 gold dragon scales)

Annotations:
D:14 2 transporters, LustLizard's ghost, journeyman GnWn
Elf:2 3 runed translucent doors


Innate Abilities, Weirdness & Mutations

You have a beak for a mouth.
You have claws for feet.
Your magical nature lets you fly swiftly and evasively.


Message History

You feel much better.
The ironbound frostheart calls freezing cold from the walls.
The frost grips you!! You partially resist.
* * * LOW HITPOINT WARNING * * *
The frost grips your earth elemental!
Your earth elemental partially resists.
Unknown command.
Unknown command.
You are no longer corroded.
The culicivora bites your earth elemental.
The air fills with toxic fumes!
As you read the scroll of poison, it crumbles to dust.
The ice encasing you melts away.
The red ugly thing trunk-slaps your earth elemental.
Your earth elemental is engulfed in flames.
Your earth elemental completely resists.
The ironbound frostheart calls freezing cold from the walls.
The frost grips you! You partially resist.
* * * LOW HITPOINT WARNING * * *
You are encased in ice.
Unknown command.
Your earth elemental disappears in a puff of smoke!
Unknown command.
You feel much better.
The red ugly thing is engulfed in poison gas.
The red ugly thing is poisoned.
The culicivora misses you.
The ironbound frostheart is engulfed in poison gas.
The ironbound frostheart is poisoned.
The ironbound frostheart calls freezing cold from the walls.
The frost grips you!! You partially resist.
You feel more protected from cold.
* * * LOW HITPOINT WARNING * * *
The ice encasing you melts away. You block the culicivora's attack.
The ironbound frostheart is engulfed in poison gas.
The ironbound frostheart looks even sicker.
The ironbound frostheart calls freezing cold from the walls.
The frost grips you! You partially resist.
You feel more protected from cold.
You die...

...+ ...#
#########§§§#
.....§§§§§§§#
.....§§§§§§§#
.....○§§§§§§#
......§§§§§§#
#@§§§§#
#s..§§#
#.§§§§# ....#
... #○§§§§#
.p.# ...
#§u§§§# ...#
.. #p.§§§#
#..#..
#§.§§§# #..#.
#.p§§§# #..'
#..§§§#


You could see a red ugly thing (poisoned), 2 ironbound frosthearts and a
culicivora.

Vanquished Creatures
  Saint Roka (Orc:2)
  Rupert (Lair:5)
  3 deep elf blademasters (Elf:2)
  A titan (Shoals:4)
  2 deep elf master archers (Elf:2)
  Polyphemus (Shoals:2)
  The ghost of alhimik the Spry, a journeyman DjEE of Ashenzari (Lair:5)
  5 nagarajas (Snake:4)
  Roxanne (D:14)
  A frost giant (IceCv)
  8 deep elf sorcerers (Elf:3)
  2 vault wardens (Vaults:2)
  A fire giant (D:15)
  Aizul (Snake:2)
  3 deep elf elementalists (Elf:3)
  Louise (D:14)
  2 ironbound preservers (Vaults:2)
  3 deep elf demonologists (Elf:3)
  An ironbound thunderhulk (Vaults:2)
  Nessos (Lair:5)
  2 entropy weavers (Vaults:3)
  7 deep elf annihilators
  A minotaur (Gauntlet)
  4 dire elephants (Vaults:1)
  Snorg (D:14)
  An ettin (Orc:1)
  5 deep elf death magi
  4 merfolk javelineers (Shoals:4)
  10 merfolk impalers
  2 yaktaur captains (Vaults:1)
  3 deep elf high priests
  Josephine (Lair:3)
  A jiangshi (Vaults:2)
  Erolcha (Orc:1)
  4 salamander tyrants
  2 vault guards (Vaults:2)
  2 great orbs of eyes
  7 hydras
  4 boulder beetles
  3 ogre magi (D:15)
  7 centaur warriors
  An ironbound frostheart (Vaults:2)
  2 catoblepae
  4 merfolk aquamancers (Shoals:4)
  10 anacondas
  Erica (Orc:1)
  14 naga warriors
  7 dancing weapons
  2 alligator snapping turtles (Shoals:2)
  5 merfolk avatars
  An alligator (shapeshifter) (D:14)
  12 two-headed ogres
  9 naga sharpshooters
  A tengu warrior (D:14)
  2 orc high priests (Orc:2)
  15 death yaks
  6 shock serpents
  9 deep elf knights
  A sixfirhy (Gauntlet)
  5 salamander mystics
  Amaemon (D:8)
  A soul eater (Vaults:2)
  3 deep trolls (Vaults:2)
  14 sea snakes
  7 orc knights
  9 deep elf archers
  6 lindwurms
  5 naga ritualists
  A harpy (shapeshifter) (D:13)
  6 ironbound convokers
  14 harpies
  30 deep elf pyromancers
  A phantasmal warrior (Vaults:2)
  A wizard (Vaults:2)
  2 necromancers
  27 deep elf zephyrmancers
  8 mana vipers
  16 manticores
  16 salamanders
  20 ugly things
  3 orc sorcerers (Orc:2)
  6 fauns
  An oklob plant (Lair:3)
  16 elephants
  7 cyclopes
  5 guardian serpents
  30 black mambas
  13 merfolk sirens
  6 vault sentinels
  An orange demon (D:8)
  13 water nymphs
  A torpor snail (Lair:5)
  Maurice (D:9)
  19 naga magi
  An ice statue (IceCv)
  Psyche (D:8)
  2 gargoyles
  7 cane toads
  8 yaktaurs
  3 rime drakes
  2 freezing wraiths
  8 komodo dragons
  6 trolls
  21 polar bears
  36 merfolk
  Prince Ribbit (Lair:3)
  A hornet (D:9)
  5 slime creatures (Vaults:1)
  4 raiju (Lair:5)
  13 wind drakes
  12 snapping turtles
  A tarantella (shapeshifter) (Elf:2)
  16 blink frogs
  22 dream sheep
  A culicivora (Vaults:3)
  A jumping spider (shapeshifter) (Elf:1)
  A culicivora (shapeshifter) (Elf:2)
  A yak (shapeshifter) (Elf:3)
  Sigmund (D:4)
  2 centaur simulacra (D:11)
  4 wyverns
  17 water elementals
  10 air elementals
  45 yaks
  2 fire elementals (Elf:1)
  6 basilisks
  6 humans (D:8)
  8 wraiths
  2 steam dragons
  9 vampire mosquitoes
  2 redbacks (Vaults:3)
  5 wargs
  47 nagas
  Edmund (D:8)
  3 acid dragons
  15 water moccasins
  13 hell hounds (Lair:5)
  2 human skeletons (Vaults:2)
  12 black bears
  3 hornet zombies (D:8)
  2 ice beasts (D:11)
  10 boggarts
  27 orc warriors
  The ghost of boopmooplesden the Covered, an amateur MiFi (D:4)
  2 sky beasts
  A human zombie (Vaults:2)
  14 ogres
  47 wolves
  13 centaurs
  3 kobold brigands
  10 bullfrogs
  Blork the orc (Orc:2)
  3 gnoll sergeants
  A necrophage (D:6)
  7 scorpions
  An earth elemental (Elf:3)
  23 wights
  2 elephant simulacra (Lair:1)
  4 electric eels
  4 howler monkeys
  2 centaur zombies (D:8)
  4 jellies
  16 orc priests
  8 hounds
  An iron imp (Gauntlet)
  Crazy Yiuf (D:6)
  4 iguanas
  19 orc wizards
  2 polar bear simulacra (Lair:1)
  A killer bee zombie (D:8)
  A boggart simulacrum (D:11)
  3 mummies (Ossuary)
  3 howler monkey zombies (D:8)
  10 gnolls
  3 adders
  2 shadow imps
  7 white imps
  4 ufetubi (Gauntlet)
  3 worms
  5 dart slugs
  60 orcs
  7 bats
  7 endoplasms
  3 giant cockroaches
  2 gnoll zombies (Ossuary)
  6 hobgoblins
  9 jackals
  4 quokkas
  7 ball pythons
  4 frilled lizards
  4 goblins
  5 goblin zombies (Ossuary)
  3 hobgoblin zombies (Ossuary)
  13 kobolds
  3 kobold zombies (Ossuary)
  8 rats
1338 creatures vanquished.

Vanquished Creatures (collateral kills)
  A vault warden (Vaults:2)
  A deep elf elementalist (Elf:3)
  A deep elf annihilator (Elf:3)
  An entropy weaver (Vaults:3)
  An ettin (Vaults:2)
  A deep elf high priest (Elf:3)
  2 naga warriors (Snake:4)
  An orc high priest (Orc:2)
  A deep troll (Vaults:2)
  2 naga ritualists (Snake:4)
  A deep elf pyromancer (Elf:1)
  A wizard (Vaults:3)
  A harpy (shapeshifter) (Elf:1)
  A deep elf zephyrmancer (Elf:1)
  A water nymph (Shoals:4)
  A redback (Vaults:3)
  An orc warrior (Orc:2)
  2 orc priests (Orc:2)
21 creatures vanquished.

Vanquished Creatures (others)
  2 deep elf knights
  2 deep elf zephyrmancers
  A yaktaur (Vaults:1)
  A boggart (D:14)
  An adder (D:6)
  A demonic plant (Gauntlet)
  15 fungi
  63 plants
  7 withered plants (D:8)
93 creatures vanquished.

Grand Total: 1452 creatures vanquished

Notes
Turn   | Place    | Note
-------+----------+-------------------------------------------
     0 | D:1      | BeingJoeMalik the Tengu Gladiator began the quest for the
                  | Orb.
     0 | D:1      | Reached XP level 1. HP: 12/12 MP: 2/2
   276 | D:1      | Reached XP level 2. HP: 14/17 MP: 3/3
   725 | D:1      | Reached XP level 3. HP: 21/21 MP: 4/4
   989 | D:2      | Found a stormy altar of Qazlal.
   995 | D:2      | Became a worshipper of Qazlal Stormbringer
  1387 | D:2      | Reached skill level 5 in Maces & Flails
  2045 | D:2      | Found Qufobal's Jewellery Emporium.
  2179 | D:3      | Found Opyfamom's Antique Armour Shop.
  2216 | D:3      | Reached XP level 4. HP: 25/26 MP: 5/5
  2498 | D:3      | Found Cipeurph's Magic Scroll Shop.
  2899 | D:3      | Found Gozag's Platinum Reserve.
  2922 | D:3      | Found an opulent altar of Gozag.
  3067 | D:3      | Found Vuumai's Book Shoppe.
  3125 | D:3      | Identified the ring of Asareim {rPois Str+4}
  3484 | D:4      | Found a runed translucent gate.
  3484 | D:4      | Found a runed translucent gate.
  3490 | D:4      | Found a runed translucent gate.
  3693 | D:4      | Identified a scroll of acquirement
  3693 | D:4      | Acquired a scarf of resistance
  3755 | D:4      | Found Tomunga's Book Emporium.
  3782 | D:4      | Noticed Sigmund
  3928 | D:4      | Gained mutation: Your magical nature lets you fly swiftly
                  | and evasively. [Tengu growth]
  3928 | D:4      | Reached XP level 5. HP: 27/30 MP: 6/6
  4032 | D:4      | Killed Sigmund
  4033 | D:4      | Reached XP level 6. HP: 31/35 MP: 7/7
  4076 | D:4      | Found a bloodstained altar of Trog.
  4101 | D:4      | Found Iraodil's General Store.
  4220 | D:4      | Reached * piety under Qazlal
  4221 | D:4      | Found a snail-covered altar of Cheibriados.
  4355 | D:4      | Found Oxzaeqewn's Book Boutique.
  4436 | D:4      | Noticed boopmooplesden's ghost (amateur MiFi)
  4465 | D:4      | Found Paesal's Jewellery Shoppe.
  4774 | D:5      | Entered Level 5 of the Dungeon
  4995 | D:5      | Reached XP level 7. HP: 40/40 MP: 8/8
  5819 | D:5      | Found a staircase to the Ecumenical Temple.
  5856 | Temple   | Entered the Ecumenical Temple
  6261 | D:5      | Found a blossoming altar of Fedhas.
  6686 | D:5      | Reached skill level 10 in Maces & Flails
  6686 | D:5      | Reached XP level 8. HP: 13/45 MP: 9/9
  7200 | D:5      | Reached skill level 1 in Armour
  7520 | D:6      | Found a glowing golden altar of the Shining One.
  8415 | D:6      | Found a runed translucent door.
  8416 | D:6      | Noticed Crazy Yiuf
  8423 | D:6      | Killed Crazy Yiuf
  8554 | D:6      | Reached XP level 9. HP: 50/52 MP: 10/10
  8710 | D:6      | Found a basalt altar of Yredelemnul.
  8712 | D:6      | Noticed a profane servitor
  8718 | D:6      | Noticed an angel
  8966 | D:7      | Found a sand-covered staircase.
  8994 | Ossuary  | Entered an ossuary
  9480 | Ossuary  | Reached ** piety under Qazlal
  9922 | D:7      | Reached skill level 5 in Dodging
 10716 | D:7      | Found a sparkling altar of Nemelex Xobeh.
 10784 | D:8      | Noticed Psyche
 10786 | D:8      | Noticed Edmund
 10790 | D:8      | Reached skill level 5 in Fighting
 10798 | D:8      | Reached XP level 10. HP: 56/59 MP: 11/11
 11226 | D:8      | Killed Psyche
 11236 | D:8      | Killed Edmund
 11354 | D:8      | Found a stormy altar of Qazlal.
 11376 | D:8      | Noticed an orange demon
 11377 | D:8      | Noticed Amaemon
 11454 | D:8      | Killed an orange demon
 11692 | D:8      | Killed Amaemon
 11897 | D:8      | Reached skill level 5 in Armour
 11992 | D:8      | Reached *** piety under Qazlal
 12018 | D:8      | Reached XP level 11. HP: 67/67 MP: 12/12
 12551 | D:8      | Found an iron altar of Okawaru.
 12669 | D:8      | Found Heox's Armour Emporium.
 13057 | D:9      | Noticed Maurice
 13077 | D:9      | Killed Maurice
 13094 | D:9      | Reached skill level 15 in Maces & Flails
 13235 | D:9      | Reached **** piety under Qazlal
 13798 | D:2      | Bought the amulet of Duymaus {RegenMP Will+ Regen+ Dex+3}
                  | for 586 gold pieces
 13995 | D:9      | Found a staircase to the Orcish Mines.
 14030 | D:9      | Found a burning altar of Makhleb.
 14167 | D:9      | Found a staircase to the Lair.
 14243 | Orc:1    | Entered Level 1 of the Orcish Mines
 14328 | Orc:2    | Entered Level 2 of the Orcish Mines
 14328 | Orc:2    | Noticed an orc high priest
 14329 | Orc:2    | Noticed an orc knight
 14331 | Orc:2    | Noticed an ettin
 14332 | Orc:2    | Noticed a soul eater
 14332 | Orc:2    | Noticed a soul eater
 14402 | Lair:1   | Entered Level 1 of the Lair of Beasts
 14497 | Lair:1   | Found a frozen archway.
 14525 | IceCv    | Entered an ice cave
 14660 | IceCv    | Identified the ring of Liqegaata {rC+ Will+ Int+7 Stlth-}
 14693 | IceCv    | Reached skill level 10 in Fighting
 14750 | IceCv    | Identified the +6 whip "Yxithryso" {protect, rElec rC+
                  | SInv}
 14790 | IceCv    | Reached XP level 12. HP: 78/78 MP: 13/13
 14795 | IceCv    | Reached skill level 1 in Shields
 14838 | IceCv    | Reached skill level 2 in Shields
 14892 | IceCv    | Reached ***** piety under Qazlal
 14967 | IceCv    | Noticed a death yak
 14993 | IceCv    | Killed a death yak
 14994 | IceCv    | Reached skill level 3 in Shields
 14994 | IceCv    | Reached skill level 1 in Invocations
 15070 | IceCv    | Noticed a death yak
 15073 | IceCv    | Noticed a death yak
 15078 | IceCv    | Noticed a frost giant
 15128 | IceCv    | Killed a frost giant
 15168 | IceCv    | Noticed a death yak
 15171 | IceCv    | Noticed a death yak
 15176 | IceCv    | Noticed a death yak
 15190 | IceCv    | Killed a death yak
 15191 | IceCv    | Reached skill level 4 in Shields
 15248 | IceCv    | Killed a death yak
 15265 | IceCv    | Killed a death yak
 15322 | IceCv    | Killed a death yak
 15341 | IceCv    | Killed a death yak
 15342 | IceCv    | Reached skill level 5 in Shields
 15673 | Lair:1   | Reached XP level 13. HP: 83/88 MP: 16/16
 15874 | D:8      | Bought a +1 pair of gloves for 126 gold pieces
 16548 | Lair:1   | Reached skill level 6 in Shields
 16609 | Lair:1   | Reached skill level 7 in Shields
 16937 | Lair:2   | Found a staircase to the Shoals.
 17008 | Lair:2   | Reached skill level 10 in Dodging
 17212 | Lair:2   | Reached skill level 8 in Shields
 17330 | Lair:2   | Found a gate leading to a gauntlet.
 17338 | Gauntlet | Entered a Gauntlet
 17338 | Gauntlet | Found a transporter.
 17345 | Gauntlet | Found a transporter.
 17349 | Gauntlet | Found a transporter.
 17357 | Gauntlet | Found a transporter.
 17361 | Gauntlet | Found a transporter.
 17370 | Gauntlet | Found a transporter.
 17374 | Gauntlet | Found a transporter.
 17377 | Gauntlet | Noticed a great orb of eyes
 17382 | Gauntlet | Found a transporter.
 17386 | Gauntlet | Found a transporter.
 17394 | Gauntlet | Found a transporter.
 17425 | Gauntlet | Found a transporter.
 17437 | Gauntlet | Found a transporter.
 17450 | Gauntlet | Found a transporter.
 17463 | Gauntlet | Found a transporter.
 17615 | Gauntlet | Reached skill level 5 in Invocations
 17721 | Gauntlet | Killed a great orb of eyes
 17793 | Gauntlet | Noticed a minotaur
 17802 | Gauntlet | Killed a minotaur
 17807 | Gauntlet | Identified the +1 mace of Unpleasantness {vorpal, Contam
                  | rN+++ Str-2}
 18260 | Lair:3   | Reached skill level 9 in Shields
 18263 | Lair:3   | Reached XP level 14. HP: 96/96 MP: 18/18
 18270 | Lair:3   | Found a staircase to the Snake Pit.
 18310 | Lair:3   | Noticed Prince Ribbit
 18329 | Lair:3   | Killed Prince Ribbit
 18330 | Lair:3   | Reached skill level 15 in Fighting
 18343 | Lair:3   | Noticed Josephine
 18355 | Lair:3   | Killed Josephine
 18751 | Lair:3   | Reached skill level 10 in Shields
 18912 | Lair:3   | Found a blossoming altar of Fedhas.
 19304 | Lair:4   | Reached ****** piety under Qazlal
 19344 | Lair:4   | Found a viscous altar of Jiyva.
 19345 | Lair:4   | Found a staircase to the Slime Pits.
 20029 | Lair:5   | Entered Level 5 of the Lair of Beasts
 20041 | Lair:5   | Noticed Rupert
 20305 | Lair:5   | Found a runed translucent gate.
 20305 | Lair:5   | Found a runed translucent gate.
 20305 | Lair:5   | Found a runed translucent gate.
 20306 | Lair:5   | Noticed alhimik's ghost (journeyman DjEE)
 20374 | Lair:5   | Noticed Nessos
 20393 | Lair:5   | Killed Nessos
 20394 | Lair:5   | Reached skill level 11 in Shields
 20692 | Lair:5   | Killed Rupert
 20975 | Lair:5   | Reached XP level 15. HP: 90/104 MP: 21/21
 21141 | Lair:5   | Reached skill level 12 in Shields
 21619 | D:10     | Entered Level 10 of the Dungeon
 24414 | D:14     | Noticed Louise
 24630 | D:14     | Reached skill level 13 in Shields
 24644 | D:14     | Noticed Snorg
 24673 | D:14     | Killed Snorg
 24976 | D:14     | Found a gate to the Vaults.
 24984 | D:14     | Identified Roxanne's Anthology of Terra Firma
 24984 | D:14     | Noticed Roxanne
 25167 | D:14     | Killed Louise
 25416 | D:14     | Noticed LustLizard's ghost (journeyman GnWn)
 25422 | D:14     | Found a transporter.
 25500 | D:14     | Found a transporter.
 25657 | D:14     | Killed Roxanne
 25684 | D:15     | Entered Level 15 of the Dungeon
 25684 | D:15     | Found a bloodstained altar of Trog.
 25806 | D:15     | Reached skill level 14 in Shields
 25806 | D:15     | Reached XP level 16. HP: 90/111 MP: 22/22
 26236 | D:15     | Found a staircase to the Depths.
 26907 | Shoals:1 | Entered Level 1 of the Shoals
 26946 | Shoals:1 | Reached skill level 15 in Shields
 28200 | Shoals:2 | Found Waixuaf's Antique Armour Emporium.
 28245 | Shoals:2 | Bought a distressingly furry robe for 108 gold pieces
 28245 | Shoals:2 | Identified the +2 robe of the Game of Life {Rampage rF-
                  | rCorr} (You bought it in a shop on level 2 of the Shoals)
 28245 | Shoals:2 | Bought a shadowed robe for 108 gold pieces
 28245 | Shoals:2 | Identified the +1 robe of Morality {Int+3 Dex+6} (You
                  | bought it in a shop on level 2 of the Shoals)
 28314 | Shoals:2 | Found Ysmasos's Antique Armour Emporium.
 28345 | Shoals:2 | Noticed Polyphemus
 28361 | Shoals:2 | Found Kihom's Antique Armour Emporium.
 28398 | Shoals:2 | Killed Polyphemus
 28541 | Shoals:2 | Reached skill level 16 in Shields
 28587 | Shoals:2 | Found Foom's Book Shop.
 28618 | Shoals:2 | Found Viasacog's Weapon Emporium.
 29103 | Shoals:2 | Bought a bronze leather armour for 224 gold pieces
 29103 | Shoals:2 | Identified the +2 leather armour of the Abyss {MP+9 SInv}
                  | (You bought it in a shop on level 2 of the Shoals)
 29104 | Shoals:2 | Bought a spiked leather armour for 224 gold pieces
 29104 | Shoals:2 | Identified the +3 leather armour of Negation {Rampage
                  | Will+} (You bought it in a shop on level 2 of the Shoals)
 29105 | Shoals:2 | Bought a pair of embroidered gloves for 240 gold pieces
 29119 | Shoals:2 | Bought a pair of embroidered gloves for 270 gold pieces
 29309 | Shoals:2 | Reached XP level 17. HP: 85/116 MP: 14/24
 29761 | Shoals:3 | Reached skill level 17 in Shields
 30692 | Orc:2    | Noticed Saint Roka
 30726 | Orc:2    | Killed Saint Roka
 30760 | Orc:2    | Found a staircase to the Elven Halls.
 30986 | Orc:2    | Noticed Blork the orc
 31001 | Orc:2    | Killed Blork the orc
 31355 | Orc:2    | Found Join's General Store.
 31362 | Orc:2    | Bought a scroll of teleportation for 51 gold pieces
 31371 | Orc:2    | Found Joympa's Antique Weapon Shoppe.
 31387 | Orc:2    | Found Estrir's Antique Armour Shoppe.
 31403 | Orc:2    | Found Fuppukku's Jewellery Shoppe.
 31619 | Orc:1    | Noticed Erolcha
 31626 | Orc:1    | Killed Erolcha
 31768 | Orc:1    | Noticed Erica
 31776 | Orc:1    | Killed Erica
 32157 | Shoals:2 | Bought a manual of Dodging for 1360 gold pieces
 32339 | Elf:1    | Entered Level 1 of the Elven Halls
 32439 | Elf:1    | Reached skill level 18 in Shields
 32655 | Elf:1    | Found Xazyil's Jewellery Shop.
 32800 | Elf:1    | Found Haycs's Distillery.
 32812 | Elf:1    | Bought a potion of heal wounds for 75 gold pieces
 32812 | Elf:1    | Bought a potion of heal wounds for 75 gold pieces
 32812 | Elf:1    | Bought a potion of curing for 45 gold pieces
 32840 | Elf:1    | Found Faepaika's Distillery.
 33171 | Elf:1    | Found Rosaeli's General Store.
 33486 | Elf:2    | Reached XP level 18. HP: 122/124 MP: 21/26
 33638 | Elf:2    | Found Laduhair's Distillery.
 33655 | Elf:2    | Found Dofet's Assorted Antiques.
 33657 | Elf:2    | Found Usagell's Antique Armour Shop.
 33717 | Elf:2    | Paralysed by an air elemental for 1 turns
 33908 | Elf:2    | Found a runed translucent gate.
 33910 | Elf:2    | Found a runed translucent gate.
 33915 | Elf:2    | Found a runed translucent gate.
 34207 | Elf:3    | Entered Level 3 of the Elven Halls
 34597 | Elf:3    | Reached skill level 19 in Shields
 35113 | Elf:3    | Noticed a deep elf master archer
 35140 | Elf:2    | Killed a deep elf master archer
 35195 | Elf:3    | Reached skill level 10 in Invocations
 35334 | Elf:3    | Noticed a deep elf blademaster
 35358 | Elf:2    | Killed a deep elf blademaster
 35359 | Elf:2    | Reached skill level 15 in Dodging
 35394 | Elf:3    | Identified the ring of Dishonour {rN+ MP+9 Slay+2}
 35394 | Elf:3    | Noticed a deep elf master archer
 35415 | Elf:2    | Killed a deep elf master archer
 35568 | Elf:3    | Noticed a deep elf blademaster
 35571 | Elf:3    | Identified the +1 scale mail of the Orb {rElec rN+ rCorr
                  | Dex-4}
 35571 | Elf:3    | Noticed a deep elf blademaster
 35598 | Elf:2    | Killed a deep elf blademaster
 35628 | Elf:2    | Killed a deep elf blademaster
 35663 | Elf:3    | Identified the +2 falchion of Conscience {protect, *Corrode
                  | rC+ Str+5}
 35773 | Elf:3    | Reached skill level 20 in Shields
 35816 | Elf:3    | Identified the amulet "Plog" {Faith Will+ Slay+2}
 36304 | Elf:3    | Got the Handbook of the Warrior-Mage
 36356 | Elf:3    | Identified the +3 shortbow "Icoixiuf" {venom, Will+}
 36471 | Elf:2    | Bought a slimy eveningstar for 520 gold pieces
 36471 | Elf:2    | Identified the +4 eveningstar of the Reaper {holy, rPois
                  | Will+ Dex-3} (You bought it in a shop on level 2 of the
                  | Elven Halls)
 36717 | Snake:1  | Entered Level 1 of the Snake Pit
 36722 | Snake:1  | Reached XP level 19. HP: 128/128 MP: 27/27
 37218 | Elf:1    | Bought the ring "Ettaitur" {rF++ rN+ SInv} for 786 gold
                  | pieces
 37933 | Snake:1  | Found an ancient bone altar of Kikubaaqudgha.
 38301 | Snake:2  | Noticed Aizul
 38318 | Snake:2  | Killed Aizul
 39602 | Snake:3  | Upgraded the game from 0.29.1-14-g9c671dbff4 to
                  | 0.29.1-15-g9cfb28693d
 39613 | Snake:4  | Entered Level 4 of the Snake Pit
 39630 | Snake:4  | Reached skill level 21 in Shields
 40169 | Snake:4  | Reached XP level 20. HP: 136/136 MP: 29/29
 40331 | Snake:4  | Found an opulent altar of Gozag.
 40607 | Snake:4  | Got a serpentine rune of Zot
 40824 | Shoals:4 | Entered Level 4 of the Shoals
 41128 | Shoals:4 | Paralysed by an air elemental for 1 turns
 41615 | Shoals:4 | Paralysed by an air elemental for 1 turns
 42070 | Shoals:4 | Got the Lectures on the Metamorphic Inferno
 42073 | Shoals:4 | Got a barnacled rune of Zot
 42448 | D:4      | Killed boopmooplesden's ghost
 42798 | Lair:5   | Killed alhimik's ghost
 42805 | Lair:5   | Identified the +2 broad axe of Destiny {holy, Str+3 SInv}
 43237 | Vaults:1 | Entered Level 1 of the Vaults
 44031 | D:14     | Acquired 481 gold pieces
 44257 | Elf:2    | Bought an ichor-stained ring mail for 252 gold pieces
 44257 | Elf:2    | Identified the +1 ring mail "Honuidghy" {Int+7} (You bought
                  | it in a shop on level 2 of the Elven Halls)
 44305 | Elf:1    | Bought a potion of haste for 110 gold pieces
 44305 | Elf:1    | Bought a potion of haste for 110 gold pieces
 44305 | Elf:1    | Bought a potion of curing for 33 gold pieces
 44305 | Elf:1    | Bought a potion of haste for 110 gold pieces
 44573 | Vaults:1 | Reached skill level 10 in Armour
 44588 | Vaults:1 | Found a portal to a secret trove of treasure.
 44632 | Vaults:1 | Identified the +6 great sword "Urelaol" {elec, rF+ Str+3}
 45500 | Vaults:2 | Reached skill level 22 in Shields
 45571 | Vaults:2 | Found a flickering gateway to a bazaar.
 45673 | Bazaar   | Entered a bazaar
 45690 | Bazaar   | Found Naesaegra's Book Emporium.
 45701 | Bazaar   | Found Fugoy's Antique Armour Boutique.
 45709 | Bazaar   | Found Dohe Qasy's Distillery.
 45720 | Bazaar   | Found Uquadosch's Antique Weapon Emporium.
 45731 | Bazaar   | Found Kounna's General Store.
 45769 | Bazaar   | Bought an ichor-stained ring mail for 234 gold pieces
 45769 | Bazaar   | Identified the +1 ring mail of Unreason {rF+ Stlth+} (You
                  | bought it in a shop in a bazaar)
 45770 | Bazaar   | Bought a distressingly furry robe for 148 gold pieces
 45770 | Bazaar   | Identified the +0 robe of Valour {rF+ rC+ rN++ Stlth-} (You
                  | bought it in a shop in a bazaar)
 45778 | Bazaar   | Bought a potion of might for 60 gold pieces
 45778 | Bazaar   | Bought 2 potions of might for 120 gold pieces
 45969 | Vaults:2 | Found a staircase to the Crypt.
 46246 | Vaults:2 | Reached XP level 21. HP: 137/143 MP: 28/31
 46418 | Vaults:2 | You are sucked into a shaft and drop 1 floor!
 46469 | Vaults:3 | HP: 5/143 [ironbound frostheart/creeping frost (8)]
 46489 | Vaults:3 | HP: 7/143 [ironbound frostheart/creeping frost (12)]
 46492 | Vaults:3 | Killed from afar by an ironbound frostheart

Illustrated notes

Levels and vault maps discovered:
D:1:      dpeg_arrival_three_same_balls, layout_basic
D:2:      layout_basic, basic_altar, serial_shops, shop
D:3:      layout_loops_corners, nicolae_gozag_zags_fifth_avenue, serial_shops,
          shop, shop_statue, shop, minmay_misc_feat_tower
D:4:      layout_loops_ring, mainiacjoe_overflow_paths,
          mainiacjoe_overflow_brackets, serial_shops, nicolae_square_shop,
          nicolae_shop_waterfront, shop_statue, shop, ebering_ghost_rock_garden,
          uniq_sigmund
D:5:      nicolae_cairo_tiling, layout_basic, lemuel_tele_altar,
          minmay_temple_entry_waves, patterned_corridor
D:6:      minmay_opposing_rooms, layout_rooms, grunt_temple_overflow_holy_war,
          uniq_crazy_yiuf_cottage
D:7:      layout_gridville, nemelex_diamond_rough_becter, enter_ossuary_1,
          grunt_decor_junction
D:8:      erik_cavepeople, layout_basic, mainiacjoe_overflow_alcove_4,
          overflow_temple_1_default, serial_undead, serial_undead_e,
          serial_undead_e, serial_undead_d, serial_undead_f, serial_shops,
          nicolae_diamond_shop, mrwooster_statue_mirror, uniq_amaemon
D:9:      layout_basic, lemuel_round_altar, erik_lair_island, david_orc_2,
          uniq_maurice
D:10:     layout_basic, minmay_misc_feat_alley, minmay_misc_feat_chi
D:11:     layout_stronghold, serial_ice, serial_ice_k, serial_ice_m,
          serial_ice_n, serial_ice_o, nrook_mini_vaults
D:12:     layout_roguey
D:13:     layout_rooms, grunt_decor_resistance
D:14:     layout_stronghold, hangedman_vaults_entry_quadrant_bands,
          nicolae_two_hexagons, gammafunk_ghost_berserking_beasts, uniq_snorg,
          uniq_louise, uniq_roxanne
D:15:     grunt_enter_depths_giant_problem, layout_cave_pools, serial_rivers,
          chequers_serial_rivers_small_b, chequers_serial_rivers_micro_d,
          chequers_serial_rivers_marsh, chequers_serial_rivers_micro_e,
          chequers_serial_rivers_marsh, chequers_serial_rivers_micro_e,
          chequers_decorated_corner, bloody_trog
Temple:   hc_temple_tempest_star
Lair:1:   layout_cave_pods, portal_ice_cave_entry_ice_simulacra,
          hangedman_lair_unloving_vines
Lair:2:   layout_regular_city, elwin_shoals_entry_stream, serial_forest,
          infiniplex_forest_clump_large, infiniplex_forest_lined_2,
          infiniplex_forest_lined_corner, infiniplex_forest_lined_2,
          infiniplex_forest_lined_corner, infiniplex_forest_end_1,
          gauntlet_entry_generic
Lair:3:   layout_regular_city, guppyfry_snake_entry_island, st_stairs_12,
          lemuel_oklob_altar, serial_bayou_shore_a, uniq_josephine,
          uniq_prince_ribbit2
Lair:4:   layout_roguey, slime_entry_1, infiniplex_staircase_pool
Lair:5:   hangedman_lair_caniforms_friends, layout_long_grid,
          gammafunk_ghost_hydra_chop, uniq_nessos, uniq_rupert
Shoals:1: layout_shoals
Shoals:2: layout_shoals, serial_shops, nicolae_shop_hallway_plus, shop,
          nicolae_shop_window_shopping, shop_coins, shop_coins, uniq_polyphemus
Shoals:3: layout_shoals, nicolae_shoals_lost_giant_baths, ldierk_geyser,
          nicolae_shoals_wave_tunnel
Shoals:4: shoals_end_hellmonk_storm_palace [storm_palace_center_square,
          storm_palace_corner_blocked, storm_palace_corner_narrow,
          storm_palace_corner_reverse_hut, storm_palace_corner_grid]
Snake:1:  layout_rooms, basic_altar, nicolae_snake_scaly_snakehead
Snake:2:  layout_misc_corridors, uniq_aizul
Snake:3:  layout_gridlike, uniq_saint_roka
Snake:4:  snake_pit, layout_cave_town, basic_altar
Orc:1:    layout_diamond_mine, uniq_erolcha, uniq_erica
Orc:2:    grunt_orc_cross, layout_caves
Elf:1:    minmay_elf_arrival_plus, layout_loops_corners, serial_shops, shop,
          nicolae_shop_behind_doors, shop, nicolae_take_the_stairs,
          kennysheep_underground_church
Elf:2:    nicolae_elf_blades_splatter_lattice
          [nicolae_vaults_blade_armed_guards], layout_loops_ring,
          grunt_megastairs_5, minmay_shop_star
Elf:3:    nooodl_elf_gasket, layout_loops_ring, elves_outpost_lemuel
Vaults:1: vaults_dpeg_diagonal, v_misc_29, v_misc_8, grunt_vaults_hallway_short,
          vaults_dpeg_emergency_exit, vaults_dpeg_ring, layout_vaults_omnigrid,
          enter_trove_3
Vaults:2: vaults_room_ringed_pool, nicolae_vaults_border_crossing,
          minmay_crypt_entry_simple_statues, nicolae_vaults_little_ls,
          vaults_room_semicircle, vaults_room_door_hall, ontoclasm_vaults_idyll,
          v_misc_25, v_misc_2, v_misc_8, layout_vaults_ring, serial_shops,
          bzr_in_the_mist
Vaults:3: hangedman_vaults_slither, v_misc_10, hangedman_vaults_variations,
          ontoclasm_vaults_fault, vaults_room_octagon,
          nicolae_vaults_circle_grid_b, v_misc_28, dpeg_vaults_monster_box,
          v_misc_27, v_misc_15, layout_vaults_big_room, serial_shops, shop

Skill      XL: |  1  2  3  4  5  6  7  8  9 10 11 12 13 14 15 16 17 18 19 20 |
---------------+-------------------------------------------------------------+-----
Maces & Flails | 4 5 6 7 8 10 11 12 14 16 | 16.0
Armour         | 3 4 5 6 7 8 10 | 10.6
Fighting       | 3 5 7 10 13 14 16 17 18 | 18.8
Dodging        | 4 5 6 7 9 10 11 12 13 14 15 17 18 | 18.2
Shields        | 5 9 11 14 16 18 20 21 22 | 22.2
Invocations    | 3 5 6 7 8 9 10 11 12 | 12.3
Throwing       | |  2.0

Action                   |  1- 3 |  4- 6 |  7- 9 | 10-12 | 13-15 | 16-18 | 19-21 || total
-------------------------+-------+-------+-------+-------+-------+-------+-------++-------
Melee: Flail             |    88 |    94 |    89 |       |       |       |       ||   271
       Kick              |    19 |    28 |    66 |   297 |   529 |   848 |   540 ||  2327
       Peck              |    12 |    18 |    40 |   184 |   313 |   527 |   310 ||  1404
       Mace              |       |       |   110 |       |       |       |       ||   110
       Morningstar       |       |       |    25 |   371 |   830 |       |       ||  1226
       Unarmed           |       |       |       |    10 |       |       |       ||    10
       Punch             |       |       |       |    19 |       |       |       ||    19
       Whip              |       |       |       |   314 |   338 |  1733 |       ||  2385
       Eveningstar       |       |       |       |       |       |     4 |  1161 ||  1165
Throw: Throwing net      |       |     1 |     2 |       |     1 |       |       ||     4
       Dart              |       |       |       |       |     7 |       |     2 ||     9
       Javelin           |       |       |       |       |       |       |     2 ||     2
Invok: Elemental Force   |       |       |       |       |     1 |    11 |    14 ||    26
Evoke: Wand              |       |       |       |     5 |       |       |       ||     5
  Use: Scroll            |       |     9 |    10 |     4 |     6 |     3 |     8 ||    40
       Potion            |       |       |     5 |       |       |     4 |     6 ||    15
 Stab: Sleeping          |     3 |       |       |       |       |       |       ||     3
       Invisible         |       |       |     2 |     3 |       |       |       ||     5
       Held in net/web   |       |       |     1 |       |     2 |       |       ||     3
       Petrified         |       |       |       |       |     6 |       |       ||     6
       Distracted        |       |       |       |       |     2 |     1 |       ||     3
       Paralysed         |       |       |       |       |       |     5 |     3 ||     8
Armor: Leather armour    |    16 |    13 |    20 |    85 |       |       |       ||   134
       Skin              |       |       |     4 |       |       |       |       ||     4
       Robe              |       |       |       |     2 |   128 |    68 |     7 ||   205
       Troll leather arm |       |       |       |       |       |    33 |    41 ||    74
Dodge: Dodged            |    40 |    66 |   169 |   384 |   579 |   525 |   462 ||  2225
       Repelled          |       |       |       |       |    10 |    18 |    25 ||    53
Block: Other             |       |       |     8 |    79 |       |       |       ||    87
       Buckler           |       |       |       |    29 |   748 |   303 |       ||  1080
       Tower shield      |       |       |       |       |       |  1253 |  1460 ||  2713
